AoeStats
← K

Lombardia

508930376Analyzed
4v4 RM · 9d ago on Sep 24, 2026· 36m 8s· 8 players
Game mode
Random Map
Map size
Large (8 player)
Population
200
Speed
Normal
Resources
Standard
Victory
Conquest
Starting age
Dark Age
Ending age
Imperial Age
RankedLock teamsTeams togetherTeam positionsShared explorationLock speedFull tech treeHidden civsTurbo modeCheats
Victory
Defeat
🇩🇪 Mapuche · Germany
1327
+10
🇵🇰 Varangians · Pakistan
1294
+11
🇺🇸 Ethiopians · United States
1210
+15
🇵🇰 Magyars · Pakistan
1161
+17
🇬🇧 Chinese · United Kingdom
1220
-15
🇨🇳 Cumans · China
1206
-14
🇧🇪 Lithuanians · Belgium
1163
-12
🇮🇹 Mongols · Italy
1144
-12
巨炮叔叔
8:06 Loom
10:27 Feudal Age
10:58 Double-Bit Axe
11:53 Horse Collar
15:32 Wheelbarrow
19:14 Castle Age
18:55 Stone Mining
19:10 Fletching
19:54 Bodkin Arrow
20:56 Gold Mining
22:04 Ballistics
24:10 Padded Archer Armor
27:42 Leather Archer Armor
28:16 Hand Cart
29:58 Murder Holes
Zayo Marley
10:13 Feudal Age
11:33 Double-Bit Axe
17:02 Castle Age
17:40 Forging
24:14 Husbandry
24:30 Fletching
26:35 Scale Barding Armor
K
9:08 Loom
10:58 Feudal Age
9:41 Loom
17:04 Castle Age
15:30 Double-Bit Axe
19:34 Padded Archer Armor
23:49 Fletching
25:38 Elite Skirmisher
26:10 Pikeman
27:53 Squires
28:43 Scale Mail Armor
31:15 Forging
RossC786526
9:21 Loom
11:07 Feudal Age
13:24 Double-Bit Axe
15:46 Castle Age
14:04 Horse Collar
15:42 Gold Mining
16:33 Wheelbarrow
16:54 Scale Barding Armor
20:36 Forging
21:37 Bloodlines
22:00 Chain Barding Armor
22:16 Husbandry
22:53 Fletching
22:30 Elite Skirmisher
Haider_435
7:57 Loom
10:03 Feudal Age
12:25 Double-Bit Axe
15:08 Castle Age
13:19 Fletching
13:56 Horse Collar
15:58 Bodkin Arrow
17:52 Padded Archer Armor
22:03 Ballistics
22:52 Leather Archer Armor
23:51 Bow Saw
24:33 Wheelbarrow
27:09 Heavy Plow
29:27 Gold Mining
34:04 Imperial Age
34:11 Imperial Age
31:59 Hand Cart
33:42 Gold Shaft Mining
32:58 Stone Mining
34:12 Elite Bolas Rider
35:54 Chemistry
35:58 Malon
coys
8:13 Loom
11:23 Feudal Age
15:36 Castle Age
13:25 Double-Bit Axe
14:51 Horse Collar
15:28 Bloodlines
17:41 Scale Barding Armor
23:06 Chain Barding Armor
25:20 Forging
27:08 Husbandry
30:37 Iron Casting
30:28 Bow Saw
32:02 Wheelbarrow
35:43 Vendel Legacy
Mehar
10:28 Feudal Age
16:47 Castle Age
15:05 Loom
15:04 Horse Collar
15:11 Double-Bit Axe
17:01 Gold Mining
18:23 Scale Barding Armor
19:48 Husbandry
22:20 Bloodlines
25:36 Chain Barding Armor
31:26 Heavy Plow
36:35 Imperial Age
34:47 Wheelbarrow
33:57 Town Watch
Siawo
7:24 Loom
9:45 Feudal Age
11:10 Double-Bit Axe
13:57 Fletching
18:51 Castle Age
18:54 Crossbowman
20:26 Bodkin Arrow
23:33 Bow Saw
25:13 Padded Archer Armor
26:11 Ballistics
26:44 Wheelbarrow
27:24 Thumb Ring
29:42 Hand Cart
33:13 Horse Collar
39:14 Imperial Age
Connection lost

Rejoining the realm…

Still unreachable

The connection could not be restored.

Session expired

The server has moved on; the page needs a fresh start.